 Dungeon Sprint DCSS version 0.24.1-5-g77f818bfca (webtiles) character file.

Game seed: 10371070383106605018, levelgen mode: deterministic

26 Doot the Arsonist (level 6, -2/33 HPs)
             Began as a Deep Elf Fire Elementalist on Apr 23, 2020.
             Was an Elder of Vehumet.
             Slain by a water elemental (16 damage)
             ... in the Dungeon (Sprint VI: "Thunderdome").
             The game lasted 00:03:15 (344 turns).

Doot the Arsonist (Deep Elf Fire Elementalist)       Turns: 344, Time: 00:03:15

Health: -2/33      AC:  4    Str:  5    XL:     6   Next: 21%
Magic:  4/20       EV: 16    Int: 22    God:    Vehumet [****..]
Gold:   41         SH:  0    Dex: 15    Spells: 7/23 levels left

rFire    . . .     SeeInvis .   n - +0 spear
rCold    . . .     Gourm    .   (no shield)
rNeg     . . .     Faith    .   d - +2 robe of the Nexus {*Corrode Slay+6}
rPois    .         Spirit   .   (no helmet)
rElec    .         Reflect  .   (no cloak)
rCorr    .         Harm     .   (no gloves)
MR       .....     NoTele   +   (no boots)
Stlth    +++.......             (no amulet)
HPRegen  0.11/turn              (no ring)
MPRegen  0.17/turn              (no ring)

@: no status effects
A: no striking features
a: Renounce Religion


You were in the Dungeon.
You worshipped Vehumet.
Vehumet was greatly pleased with you.
You were not hungry.

You visited 1 branch You collected 240 gold pieces.
You spent 199 gold pieces at shops.

Inventory:

Hand Weapons
 n - a +0 spear (weapon)
Armour
 a - a +0 robe
 d - the +2 robe of the Nexus (worn) {*Corrode Slay+6}
   (You bought it in a shop in the Dungeon)

   It affects your accuracy and damage with ranged weapons and melee attacks
   (+6).
   It may corrode you when you take damage.
Wands
 b - a wand of acid (5)
 j - a wand of iceblast (5)
Scrolls
 i - 4 scrolls of blinking
 k - 3 scrolls of fog
Potions
 e - 4 potions of heal wounds
 f - 4 potions of haste
 g - 2 potions of magic
 h - a potion of berserk rage
 l - a potion of resistance
Comestibles
 c - a ration
 m - 12 chunks of flesh


   Skills:
 + Level 0.6 Fighting
 + Level 6.0 Dodging
 + Level 5.3 Stealth
 + Level 9.2 Spellcasting
 + Level 5.2 Conjurations
 + Level 9.6 Fire Magic


You had 7 spell levels left.
You knew the following spells:

 Your Spells              Type           Power        Failure   Level  Hunger
a - Flame Tongue          Conj/Fire      #####        1%          1    None
b - Sticky Flame          Conj/Fire      #####...     1%          4    ##.....
c - Fireball              Conj/Fire      #####.....   2%          5    ####...
d - Conjure Flame         Conj/Fire      #####...     1%          3    None
e - Inner Flame           Hex/Fire       ####....     1%          3    None

Your spell library contained the following spells:

 Spells                   Type           Power        Failure   Level  Hunger
 Searing Ray              Conj           ####..       1%          2    None
 Throw Flame              Conj/Fire      #####.       1%          2    None


Dungeon Overview and Level Annotations

Branches:
Dungeon (1/1)

Altars:
Cheibriados
Dithmenos
Fedhas
Gozag
Kikubaaqudgha
Makhleb
Okawaru
Qazlal
Ru
Sif Muna
Trog
Uskayaw
Vehumet
Wu Jian
Xom
Yredelemnul
Zin
The Shining One
Beogh
Jiyva
Lugonu

Shops:
D *[%??*?*:[((!!!!


Message History

You feel clever.
Okay, then.
Unknown command. 5... 4...
Casting: Sticky Flame (safe; 1% risk of failure)
Confirm with . or Enter, or press ? or * to list all spells.
Okay, then.
Unknown command.
Casting: Sticky Flame (safe; 1% risk of failure)
Confirm with . or Enter, or press ? or * to list all spells.
Aiming: Conjure Flame (safe; 1% risk of failure)
Press: ? - help, Dir - move target cursor The fire ignites! 3... 2... 1...
The water elemental is engulfed in blazing flames.
The water elemental hits you!
You die...

###.....)...### #⌠...........⌠#
######.8.........8.######
##∩.__......###..÷...___∩##
###∩........8.# #.8........∩###
##.............###.............#
#⌠..........###÷.÷###..........⌠
#⌠..........# #.<.# #..........⌠
#⌠..........###@..###..........⌠
##............E###.............#
###∩........8.# #.8........∩###
##∩___......###......__.∩##
######.8.........8.######
#⌠...........⌠# ###.........###
#_......._# #_..[...._#


You could see a water elemental.

Vanquished Creatures
  2 ice beasts (D)
  A hound (D)
  A gnoll shaman (D)
  A worker ant (D)
  3 gnolls (D)
  2 adders (D)
  An adder simulacrum (D)
  A giant cockroach (D)
  A goblin (D)
  A kobold (D)
  A leopard gecko simulacrum (D)
15 creatures vanquished.

Notes
Turn   | Place    | Note
-------+----------+-------------------------------------------
     0 | D        | Doot the Deep Elf Fire Elementalist began the quest for the
                  | Orb.
     0 | D        | Reached XP level 1. HP: 10/10 MP: 6/6
     2 | D        | Found a roughly hewn altar of Beogh.
     2 | D        | Found a shimmering altar of Xom.
     3 | D        | Found a radiant altar of Vehumet.
     3 | D        | Found a snail-covered altar of Cheibriados.
     4 | D        | Found a bloodstained altar of Trog.
     5 | D        | Found Ujocherch's Distillery.
     5 | D        | Found a glowing golden altar of the Shining One.
     5 | D        | Found a corrupted altar of Lugonu.
     5 | D        | Found Udatat's Do-It-Yourself Clinic.
     5 | D        | Round 1.
     6 | D        | Found Wunuar's Distillery.
     6 | D        | Found Hustrisk's Bottled Wisdom.
     7 | D        | Found a shadowy altar of Dithmenos.
    11 | D        | Became a worshipper of Vehumet
    16 | D        | Found Odij Paa's Staff Store.
    17 | D        | Found a viscous altar of Jiyva.
    17 | D        | Found a burning altar of Makhleb.
    17 | D        | Found a basalt altar of Yredelemnul.
    17 | D        | Found Orogia's Magic Scroll Shop.
    17 | D        | Found Xehewit's Must-Have Magic.
    17 | D        | Found Liuloxom's Magic Scroll Shop.
    20 | D        | Reached XP level 2. HP: 15/15 MP: 4/8
    38 | D        | Found an ancient bone altar of Kikubaaqudgha.
    39 | D        | Found a sacrificial altar of Ru.
    40 | D        | Found a shimmering blue altar of Sif Muna.
    41 | D        | Found Weokk's Weapon Rack.
    42 | D        | Found Coel's Basic Armour.
    42 | D        | Found Tobleb's Miscellaneous Merchandise.
    43 | D        | Found a stormy altar of Qazlal.
    43 | D        | Found a hide-covered altar of Uskayaw.
    43 | D        | Found Ilohont's Premium Goods.
    47 | D        | Found an ornate altar of the Wu Jian Council.
    48 | D        | Found an opulent altar of Gozag.
    49 | D        | Found a blossoming altar of Fedhas.
    50 | D        | Found Cuxoj's Identification Station.
    50 | D        | Found an iron altar of Okawaru.
    50 | D        | Found a glowing silver altar of Zin.
    50 | D        | Found Yroag's Delicious Food.
    51 | D        | Found Sitiunid's Advanced Armour.
    51 | D        | Found Xeich's Jewellery.
    68 | D        | Reached * piety under Vehumet
    68 | D        | Offered knowledge of Shock by Vehumet.
    68 | D        | Reached skill level 5 in Fire Magic
   101 | D        | Reached ** piety under Vehumet
   101 | D        | Arena points: 14 (+14) [x2]
   101 | D        | Reached skill level 5 in Spellcasting
   101 | D        | Reached XP level 3. HP: 5/19 MP: 1/11
   132 | D        | Round 2.
   142 | D        | Bought a silken robe for 199 gold pieces
   152 | D        | Identified the +2 robe of the Nexus {*Corrode Slay+6} (You
                  | bought it in a shop in the Dungeon)
   212 | D        | Reached XP level 4. HP: 13/24 MP: 6/13
   216 | D        | Offered knowledge of Searing Ray by Vehumet.
   226 | D        | Learned a level 4 spell: Sticky Flame
   239 | D        | Reached *** piety under Vehumet
   259 | D        | Arena points: 26 (+12) [x1]
   274 | D        | Round 3.
   298 | D        | Reached XP level 5. HP: 19/28 MP: 9/16
   306 | D        | Learned a level 5 spell: Fireball
   310 | D        | Learned a level 3 spell: Conjure Flame
   314 | D        | Learned a level 3 spell: Inner Flame
   326 | D        | Noticed an ice beast
   329 | D        | Noticed an ice beast
   333 | D        | Killed an ice beast
   333 | D        | Reached **** piety under Vehumet
   333 | D        | Reached skill level 5 in Dodging
   333 | D        | Reached skill level 5 in Stealth
   339 | D        | Noticed a water elemental
   339 | D        | Killed an ice beast
   339 | D        | Reached skill level 5 in Conjurations
   339 | D        | Reached XP level 6. HP: 13/33 MP: 6/20
   344 | D        | Slain by a water elemental

Levels and vault maps discovered:
D:        arena_sprint

Skill      XL: |  1  2  3  4  5 |
---------------+----------------+-----
Dodging        | 3 4 6 |  6.0
Fire Magic     | 4 6 7 8 9 |  9.6
Stealth        | 3 4 5 |  5.3
Spellcasting   | 5 6 9 |  9.2
Conjurations   | 2 3 5 |  5.2
Fighting       | |  0.6

Action                   |  1- 3 |  4- 6 || total
-------------------------+-------+-------++-------
Melee: Unarmed           |     3 |       ||     3
       Spear             |     7 |       ||     7
 Cast: Flame Tongue      |    24 |    11 ||    35
       Sticky Flame      |       |     3 ||     3
       Conjure Flame     |       |     1 ||     1
  Use: Potion            |     1 |       ||     1
Armor: Robe              |     8 |     1 ||     9
Dodge: Dodged            |    26 |     2 ||    28
